 Dungeon Crawl Stone Soup version 0.26.1-11-gd32895ea62 (webtiles) character file.

Game seed: 15998822630459440823

4004 Almogavar the Basher (level 10, -1/91 HPs)
             Began as a Gargoyle Berserker on Apr 26, 2021.
             Was a High Priest of Trog.
             Slain by an orc knight
             ... wielding a +0 halberd
              (20 damage)
             ... in a bailey.
             The game lasted 00:20:06 (6731 turns).

Almogavar the Basher (Gargoyle Berserker)           Turns: 6731, Time: 00:20:08

Health: -1/91      AC: 24    Str: 24    XL:     10   Next: 23%
Magic:  0/10       EV:  9    Int:  8    God:    Trog [*****.]
Gold:   424        SH:  0    Dex: 15    Spells: 9/9 levels left

rFire    + . .     SeeInvis .   d - +0 whip (elec)
rCold    . . .     Faith    .   (no shield)
rNeg     + . .     Spirit   +   r - +1 plate armour {rF+}
rPois    ∞         Reflect  .   B - +1 hat
rElec    +         Harm     .   (no cloak)
rCorr    .         Rampage  .   (no gloves)
Will     ++...                  j - +0 pair of boots
Stlth    ..........             p - amulet of guardian spirit
HPRegen  1.25/turn              e - ring of flight
MPRegen  0.12/turn              t - +6 ring of dexterity

@: berserking, regenerating (expiring), very quick
A: negative energy resistance 1, electricity resistance, unbreathing,
petrification resistance, miasma immunity, AC +7
a: Renounce Religion, Evoke Flight, Berserk, Trog's Hand, Brothers in Arms


You were in a bailey.
You worshipped Trog.
Trog was extremely pleased with you.
You visited 1 branch of the dungeon, and saw 7 of its levels.
You also visited: Sewer and Bailey.

You collected 424 gold pieces.

Inventory:

Hand Weapons
 d - a +0 whip of electrocution (weapon)
Missiles
 f - 36 arrows
 g - 56 bolts
Armour
 j - a +0 pair of boots (worn)
 r - a +1 plate armour of fire resistance (worn)
 B - a +1 hat (worn)
Jewellery
 e - a ring of flight (left hand)
 p - an amulet of guardian spirit (around neck)
 q - an uncursed ring of fire
 t - a +6 ring of dexterity (right hand)
Wands
 k - a wand of iceblast (2)
 v - a wand of flame (7)
Scrolls
 a - 2 scrolls of blinking
 n - a scroll of enchant weapon
 s - a scroll of magic mapping
 u - 4 scrolls of noise {unknown}
 y - a scroll of enchant armour {unknown}
Potions
 b - a potion of experience {unknown}
 c - 11 potions of curing
 h - 4 potions of heal wounds
 i - 2 potions of ambrosia {unknown}
 l - 3 potions of brilliance {unknown}
 m - 4 potions of lignification {unknown}
 o - a potion of resistance {unknown}
 w - a potion of invisibility
 x - 5 potions of might
 A - a potion of mutation {unknown}


   Skills:
 + Level 6.9 Fighting
 + Level 9.9 Maces & Flails
 + Level 8.8 Armour
 + Level 4.4 Dodging
 + Level 1.7 Stealth
 + Level 0.2 Evocations


You had 9 spell levels left.
You didn't know any spells.
Your spell library was empty.

Dungeon Overview and Level Annotations

Branches:
Dungeon (7/15)             Temple (0/1) D:6           Sewer (visited)
 Bailey (1/1)

Altars:
Dithmenos
Gozag
Hepliaklqana
Okawaru
Qazlal
Sif Muna
Uskayaw

Annotations:
D:7 Joseph


Innate Abilities, Weirdness & Mutations

You are resistant to torment.
Your stone body is resilient. (AC +7)
You are immune to poison.
You resist negative energy. (rN+)
You are resistant to electric shocks. (rElec)
You can survive without breathing.
You are immune to petrification.
You are immune to miasma.


Message History

The orc knight is moderately wounded.
The orc knight hits you with a +0 halberd!
The orc warrior hits you but does no damage.
The orc hits you but does no damage.
You are too injured to fight recklessly!
You are too injured to fight recklessly!
Unknown command.
You are too injured to fight recklessly!
Unknown command.
You closely miss the orc knight.
The orc knight is moderately wounded.
The orc knight hits you but does no damage.
Unknown command.
You hit the orc. Lightning courses through the orc!
You kill the orc!
Trog accepts your kill.
The orc warrior hits you from afar with a +3 halberd!!
* * * LOW HITPOINT WARNING * * *
The orc knight hits you with a +0 halberd!!
You die...

##.....##
#.......#
#..)o...#
#..))...#
#...o...#
#...oo..#
#oo...#
##)@o##
#.....#
#.....#
#.....#
#.....#
#.....#
##'''##
##.....##
#.......#


You could see 4 orc knights, 2 orc warriors and an orc (strong).

Vanquished Creatures
  Pikel (D:4)
  Grinder (D:6)
  Sigmund (D:2)
  2 water moccasins
  Duvessa (D:6)
  7 orc warriors
  A sky beast (D:6)
  2 ice beasts (D:7)
  A centaur (D:6)
  A lemure (D:4)
  2 big kobolds (Sewer)
  Blork the orc (D:6)
  A bullfrog (D:6)
  Dowan (D:6)
  A scorpion (D:6)
  5 wights (D:7)
  3 howler monkeys
  A quasit (D:5)
  A centaur zombie (D:6)
  6 hounds
  4 jellies
  3 bullfrog skeletons
  3 orc priests
  Jessica (D:3)
  2 iguanas
  2 orc wizards
  9 worker ants
  2 hound skeletons
  A worker ant zombie (D:7)
  A howler monkey skeleton (D:7)
  8 adders
  2 white imps
  4 oozes
  2 adder skeletons
  A dart slug (D:2)
  2 worms
  3 leopard geckos
  38 orcs
  6 ball pythons
  6 bats
  2 giant cockroaches (D:4)
  16 hobgoblins
  3 jackals (D:1)
  17 kobolds
  A quokka (D:6)
  4 frilled lizards
  13 goblins
  A leopard gecko skeleton (D:5)
  8 rats
205 creatures vanquished.

Notes
Turn   | Place    | Note
-------+----------+-------------------------------------------
     0 | D:1      | Almogavar the Gargoyle Berserker began the quest for the
                  | Orb.
     0 | D:1      | Reached XP level 1. HP: 14/14 MP: 1/1
   516 | D:1      | Reached XP level 2. HP: 19/19 MP: 2/2
   952 | D:1      | Reached XP level 3. HP: 18/24 MP: 3/3
  1202 | D:1      | Reached ** piety under Trog
  1507 | D:2      | Noticed Sigmund
  1745 | D:2      | Killed Sigmund
  1746 | D:2      | Reached skill level 5 in Maces & Flails
  1746 | D:2      | Reached XP level 4. HP: 30/30 MP: 4/4
  1746 | D:2      | Reached XP level 5. HP: 34/34 MP: 5/5
  2055 | D:2      | Reached XP level 6. HP: 39/39 MP: 6/6
  2084 | D:2      | Found a shadowy altar of Dithmenos.
  2367 | D:2      | Found a faded altar of an unknown god.
  2673 | D:3      | Noticed Jessica
  2679 | D:3      | Killed Jessica
  2699 | D:3      | Found a stormy altar of Qazlal.
  2740 | D:3      | Found a hazy altar of Hepliaklqana.
  3391 | D:4      | Noticed Pikel
  3419 | D:4      | Killed Pikel
  3420 | D:4      | Reached skill level 5 in Fighting
  3420 | D:4      | Reached skill level 6 in Maces & Flails
  3420 | D:4      | Reached skill level 1 in Stealth
  3420 | D:4      | Reached XP level 7. HP: 33/44 MP: 4/7
  3425 | D:4      | Reached XP level 8. HP: 28/49 MP: 3/8
  3431 | D:4      | Reached *** piety under Trog
  3744 | D:4      | Reached skill level 7 in Maces & Flails
  4013 | D:5      | Entered Level 5 of the Dungeon
  4189 | D:5      | Found a hide-covered altar of Uskayaw.
  4402 | D:5      | Found an opulent altar of Gozag.
  4547 | D:6      | Reached skill level 5 in Armour
  4574 | D:6      | Noticed Grinder
  4575 | D:6      | Paralysed by Grinder for 4 turns
  4590 | D:6      | Killed Grinder
  4604 | D:6      | Noticed Blork the orc
  4640 | D:6      | Reached skill level 8 in Maces & Flails
  4646 | D:6      | Killed Blork the orc
  4647 | D:6      | Reached XP level 9. HP: 22/55 MP: 3/9
  4777 | D:6      | Found a glowing drain.
  4793 | Sewer    | Entered a sewer
  5028 | Sewer    | Reached **** piety under Trog
  5307 | D:6      | Noticed Duvessa
  5314 | D:6      | Noticed Dowan
  5316 | D:6      | Killed Duvessa
  5331 | D:6      | Killed Dowan
  6084 | D:6      | Found an iron altar of Okawaru.
  6084 | D:6      | Found a shimmering blue altar of Sif Muna.
  6222 | D:6      | Found a staircase to the Ecumenical Temple.
  6278 | D:7      | Noticed Joseph
  6350 | D:7      | Reached skill level 9 in Maces & Flails
  6426 | D:7      | Reached XP level 10. HP: 61/61 MP: 8/10
  6477 | D:7      | Found a flagged portal.
  6481 | Bailey   | Entered a bailey
  6587 | Bailey   | Reached ***** piety under Trog
  6717 | Bailey   | Noticed an orc knight
  6718 | Bailey   | Noticed an orc knight
  6724 | Bailey   | Noticed an orc knight
  6725 | Bailey   | Noticed an orc knight
  6731 | Bailey   | Slain by an orc knight

Illustrated notes

Levels and vault maps discovered:
D:1:      heliophobic_arrival_dark_side_of_the_moon, layout_basic
D:2:      layout_rooms, nicolae_dithmenos_shadow_blocks,
          chequers_ecumenical_altar_simple_redux, uniq_sigmund
D:3:      layout_loops_ring, nzn_hepliaklqana_mist_gate, lemuel_crystal_altar,
          columned_hall_lemuel, uniq_jessica
D:4:      layout_rooms, minmay_misc_feat_secret_circle, grunt_ministairs_13,
          uniq_pikel
D:5:      layout_rooms, nicolae_gozag_seed_capital, old_standard_altar
D:6:      layout_basic, gammafunk_temple_overflow_pools,
          minmay_temple_entry_fiery, cheibrodos_sewer_entry_bend, minmay_puff,
          uniq_duvessa, uniq_blork_the_orc, uniq_grinder
D:7:      nzn_winding_woodlands_stair_cross
          [nzn_winding_woodlands_5x15_concentric,
          nzn_winding_woodlands_center_lodge,
          nzn_winding_woodlands_5x15_split_checker,
          nzn_winding_woodlands_hourglass, nzn_winding_woodlands_5x5_perimeter,
          nzn_winding_woodlands_5x15_lazy_stream,
          nzn_winding_woodlands_center_pierced_h,
          nzn_winding_woodlands_5x15_sidewinder], layout_rooms, bloody_trog,
          enter_bailey_4, uniq_joseph
Bailey:   bailey_polearm_5, bailey

Skill      XL: |  1  2  3  4  5  6  7  8  9 |
---------------+----------------------------+-----
Fighting       | 4 5 6 |  6.9
Maces & Flails | 5 6 8 9 |  9.9
Dodging        | 2 3 4 |  4.4
Armour         | 3 6 8 |  8.8
Stealth        | 1 |  1.7
Evocations     | |  0.2

Action                   |  1- 3 |  4- 6 |  7- 9 | 10-12 || total
-------------------------+-------+-------+-------+-------++-------
Melee: Mace              |   111 |   159 |    10 |       ||   280
       Whip              |       |       |   379 |    78 ||   457
Invok: Berserk           |     5 |     3 |     4 |     2 ||    14
       Trog's Hand       |       |     1 |     3 |     1 ||     5
Evoke: Wand              |       |       |       |     9 ||     9
  Use: Scroll            |     2 |     3 |     7 |       ||    12
Armor: Animal skin       |    36 |    15 |       |       ||    51
       Chain mail        |       |    72 |   151 |       ||   223
       Leather armour    |       |    10 |       |       ||    10
       Plate armour      |       |       |   160 |    86 ||   246
Dodge: Dodged            |    79 |   131 |   197 |    70 ||   477
